 Dungeon Crawl Stone Soup version 0.26.1-2-gb8aa6d0cf2 (webtiles) character file.

Game seed: 6671977963670993795

80115 Alvadar the Sorcerer (level 15, -8/72 HPs)
             Began as a Deep Elf Conjurer on Feb 18, 2021.
             Was a High Priest of Sif Muna.
             Killed by divine providence
             ... invoked by an orc priest
              (9 damage)
             ... on level 2 of the Orcish Mines.
             The game lasted 01:15:51 (27620 turns).

Alvadar the Sorcerer (Deep Elf Conjurer)           Turns: 27620, Time: 01:15:52

Health: -8/72      AC: 13    Str:  4    XL:     15   Next: 22%
Magic:  20/51      EV: 11    Int: 30    God:    Sif Muna [*****.]
Gold:   1558       SH:  0    Dex: 13    Spells: 24/57 levels left

rFire    . . .     SeeInvis .   C - staff of conjuration
rCold    . . .     Faith    .   (no shield)
rNeg     . . .     Spirit   .   T - +3 troll leather armour {Snorg}
rPois    .         Reflect  .   R - +2 helmet
rElec    .         Harm     .   M - scarf {repulsion}
rCorr    +         Rampage  .   (no gloves)
Will     +....                  j - +2 pair of boots {Fly}
Stlth    ++........             J - amulet of magic regeneration
HPRegen  0.62/turn              X - ring of magical power
MPRegen  0.57/turn              G - ring of resist corrosion

@: flying, repel missiles
A: no striking features
a: Stop Flying, Renounce Religion, Channel Magic, Forget Spell, Divine Exegesis


You were on level 2 of the Orcish Mines.
You worshipped Sif Muna.
Sif Muna was extremely pleased with you.
You visited 4 branches of the dungeon, and saw 21 of its levels.

You collected 1747 gold pieces.
You spent 189 gold pieces at shops.

Inventory:

Hand Weapons
 I - a +3 quarterstaff of chaos
Armour
 j - a +2 pair of boots of flying (worn)
 r - a +2 robe of resistance
 y - a +2 pair of boots
 B - a +2 cloak
 M - a scarf of repulsion (worn)
 R - a +2 helmet (worn)
 T - a +3 troll leather armour (worn) {Snorg}
Magical Staves
 a - an uncursed staff of cold
 C - an uncursed staff of conjuration (weapon)
Jewellery
 e - an uncursed ring of protection from fire
 m - an uncursed amulet of reflection
 E - an uncursed ring of protection from cold
 G - a ring of resist corrosion (right hand)
 J - an amulet of magic regeneration (around neck)
 X - a ring of magical power (left hand)
Wands
 p - a wand of digging (6)
 u - a wand of polymorph (17)
 L - a wand of iceblast (11)
 P - a wand of paralysis (10)
 S - a wand of acid (14)
 U - a wand of flame (47)
 Y - a wand of disintegration (15)
Scrolls
 b - 5 scrolls of enchant armour
 f - 2 scrolls of teleportation
 h - a scroll of holy word
 k - 16 scrolls of remove curse
 l - 2 scrolls of immolation
 n - 3 scrolls of magic mapping
 o - 4 scrolls of amnesia
 w - 3 scrolls of enchant weapon
 x - a scroll of brand weapon
 H - 3 scrolls of blinking
 V - a scroll of vulnerability
Potions
 c - 7 potions of ambrosia
 d - 7 potions of curing
 g - 3 potions of resistance
 i - 6 potions of might
 q - 3 potions of lignification
 s - 3 potions of flight
 t - 3 potions of mutation
 v - a potion of cancellation
 z - 2 potions of haste
 A - 2 potions of magic
 D - 2 potions of heal wounds
 F - 2 potions of degeneration
 Z - a potion of brilliance
Miscellaneous
 O - a box of beasts


   Skills:
 - Level 2.4 Dodging
 - Level 2.4 Stealth
 + Level 21.6 Spellcasting
 * Level 15.1 Conjurations
 - Level 14.6 Air Magic


You had 24 spell levels left.
You knew the following spells:

 Your Spells              Type           Power        Failure   Level
a - Iskenderun's Mystic   Conj/Tloc      86%          1%          4
b - Fireball              Conj/Fire      43%          2%          5
c - Lightning Bolt        Conj/Air       55%          1%          5
d - Searing Ray           Conj           100%         0%          2
e - Magic Dart            Conj           100%         0%          1
f - Irradiate             Conj/Tmut      43%          2%          5
g - Orb of Destruction    Conj           55%          3%          7
h - Fulminant Prism       Conj/Hex       43%          1%          4

Your spell library contained the following spells:

 Spells                   Type           Power        Failure   Level
 Shock                    Conj/Air       100%         0%          1
 Static Discharge         Conj/Air       100%         0%          3
 Beastly Appendage        Tmut           64%          1%          1
 Corona                   Hex            35%          1%          1
 Freeze                   Ice            100%         1%          1
 Sandblast                Erth           64%          1%          1
 Corpse Rot               Necr/Air       N/A          1%          2
 Poisonous Vapours        Pois/Air       100%         1%          2
 Conjure Flame            Conj/Fire      86%          1%          3
 Dazzling Flash           Conj/Hex       100%         1%          3
 Stone Arrow              Conj/Erth      100%         1%          3
 Hailstorm                Conj/Ice       86%          1%          4
 Sticky Flame             Conj/Fire      86%          1%          4
 Iskenderun's Battlesphe  Conj           100%         1%          5
 Conjure Ball Lightning   Conj/Air       55%          1%          6
 Silence                  Hex/Air        33%          2%          5
 Passwall                 Tmut/Erth      26%          3%          2
 Slow                     Hex            32%          3%          2
 Sublimation of Blood     Necr           16%          3%          2
 Wereblood                Tmut           32%          3%          2
 Freezing Cloud           Conj/Ice/Air   47%          4%          6
 Frozen Ramparts          Ice            64%          6%          3
 Gell's Gravitas          Tloc           16%          6%          3
 Inner Flame              Hex/Fire       32%          6%          3
 Lesser Beckoning         Tloc           16%          6%          3
 Ozocubu's Armour         Ice            32%          6%          3
 Portal Projectile        Hex/Tloc       64%          6%          3
 Spider Form              Tmut/Pois      16%          6%          3
 Iron Shot                Conj/Erth      43%          13%         6
 Cause Fear               Hex            16%          19%         4
 Dispel Undead            Necr           32%          19%         4
 Ice Form                 Ice/Tmut       32%          19%         4
 Leda's Liquefaction      Hex/Erth       16%          19%         4
 Petrify                  Tmut/Erth      32%          19%         4
 Summon Ice Beast         Ice/Summ       32%          19%         4
 Agony                    Necr           32%          47%         5
 Blade Hands              Tmut           16%          47%         5
 Excruciating Wounds      Necr           16%          47%         5
 Lee's Rapid Deconstruct  Erth           16%          47%         5
 Dispersal                Tloc           16%          96%         6


Dungeon Overview and Level Annotations

Branches:
Dungeon (12/15)            Temple (1/1) D:5            Lair (6/6) D:10
 Shoals (0/4) Lair:2        Snake (0/4) Lair:2        Slime (0/5) Lair:5
    Orc (2/2) D:12
    Elf: Orc:2

Altars:
Elyvilon
Fedhas
Kikubaaqudgha
Makhleb
Nemelex Xobeh
Okawaru
Qazlal
Ru
Sif Muna
Uskayaw
Wu Jian
Xom
Yredelemnul
Zin
Beogh

Shops:
D:8 ?   Orc:1 (

Annotations:
D:10 exclusion: oklob plant
D:11 1 runed translucent door


Message History

The mystic blast hits the orc!
You kill the orc!
Sif Muna accepts your kill.
The mystic blast hits the ogre!!
You kill the ogre!
Sif Muna accepts your kill.
The orc warrior throws a boomerang.
The boomerang hits you but does no damage.
The weapon returns to the orc warrior!
The orc high priest invokes the aid of Beogh against you.
Beogh smites you!
* * * LOW HITPOINT WARNING * * *
The orc priest begins to cast a cantrip, but forgets the words!
An orc comes into view. It is wielding a +0 hand axe.
The orc priest mumbles some strange prayers to Beogh against you.
Beogh smites you!
* * * LOW HITPOINT WARNING * * *
The orc priest calls down the wrath of Beogh upon you.
Beogh smites you!
You die...

..........$.............
.....$.........o........
.[[..................oo#
.).[...............#..3.
.o.......^)[............
.o....$..)............#o
.......$)[..o$........).
......)@)o$)o.o......[.[
.......o)[.[o...)......#
.....).[†o.........†o))h
..).......)...$...§)#..#
......#.o))[.....o..#...
.)).o......(o....3.###[#
..)......)[).o..... #.##
..o.....o....o......).
.##.


You could see 2 orc high priests, 2 orc warriors, 4 orc priests and 8 orcs.

Vanquished Creatures
  Jorgrun (Orc:1)
  An orc warlord (Orc:1)
  Snorg (D:10)
  Fannar (Lair:1)
  Harold (D:8)
  8 hydras
  A catoblepas (Lair:3)
  Erolcha (Orc:1)
  5 two-headed ogres
  3 death yaks (Lair:6)
  6 orc high priests (Orc:2)
  Sonja (Lair:2)
  5 slime creatures (D:12)
  An orc knight (Orc:1)
  3 orc sorcerers
  A deep elf mage (D:12)
  2 cyclopes
  2 manticores (D:11)
  5 oklob plants (Lair:5)
  18 elephants
  6 black mambas
  2 centaur zombies
  29 cane toads
  3 rime drakes
  6 komodo dragons
  2 trolls
  A queen bee (Lair:3)
  6 polar bears
  3 tyrant leeches (Lair:6)
  25 blink frogs
  A snapping turtle (Lair:2)
  24 yaks
  5 wyverns
  7 basilisks
  The ghost of kingbonesx the Sneak, an amateur FeVM (D:5)
  3 steam dragons
  6 vampire mosquitoes (Lair:6)
  6 wargs
  3 nagas (Lair:2)
  2 acid dragons
  16 water moccasins
  5 sky beasts
  25 orc warriors
  2 ice beasts
  The ghost of ew1980 the Ruffian, an amateur NaTm (D:4)
  2 black bears
  3 necrophages (D:12)
  41 wolves
  4 boggarts (Lair:6)
  4 centaurs
  15 ogres
  2 big kobolds
  28 bullfrogs
  3 gnoll sergeants
  3 scorpions
  8 wights
  31 killer bees
  3 electric eels
  A howler monkey (D:5)
  5 hounds
  2 jellies
  A centaur skeleton (D:9)
  30 orc priests
  Crazy Yiuf (D:6)
  36 orc wizards
  4 iguanas
  14 worker ants
  4 hell rats (Lair:5)
  2 bullfrog simulacra (D:5)
  2 hound zombies
  A hound skeleton (D:7)
  A killer bee simulacrum (D:5)
  A worker ant zombie (D:7)
  3 howler monkey zombies
  17 gnolls
  11 adders
  2 shadow imps
  4 white imps
  2 worker ant simulacra (D:5)
  An ufetubus (D:10)
  An ooze (D:3)
  A worm (D:6)
  4 dart slugs
  3 leopard geckos
  119 orcs
  A ball python (D:3)
  5 giant cockroaches
  10 goblins
  7 hobgoblins
  4 jackals (D:2)
  18 kobolds
  A quokka (D:3)
  A ball python simulacrum (D:5)
  9 bats
  6 frilled lizards
  A giant cockroach zombie (D:5)
  A goblin skeleton (D:4)
  A jackal skeleton (D:4)
  11 rats
  4 fulminant prisms (Lair:5)
757 creatures vanquished.

Vanquished Creatures (collateral kills)
  A cane toad (Lair:6)
1 creature vanquished.

Vanquished Creatures (others)
  A wolf (Lair:3)
  17 fulminant prisms
  82 fungi
  160 plants
  13 toadstools (D:10)
273 creatures vanquished.

Grand Total: 1031 creatures vanquished

Notes
Turn   | Place    | Note
-------+----------+-------------------------------------------
     0 | D:1      | Alvadar the Deep Elf Conjurer began the quest for the Orb.
     0 | D:1      | Reached XP level 1. HP: 10/10 MP: 6/6
   219 | D:1      | Reached XP level 2. HP: 15/15 MP: 5/8
   483 | D:1      | Reached skill level 5 in Conjurations
   895 | D:1      | Reached XP level 3. HP: 19/19 MP: 5/10
  1068 | D:1      | Learned a level 2 spell: Searing Ray
  1217 | D:2      | Found a faded altar of an unknown god.
  1252 | D:2      | Found a shimmering blue altar of Sif Muna.
  1279 | D:2      | Became a worshipper of Sif Muna the Loreminder
  1461 | D:2      | Reached skill level 4 in Spellcasting
  1568 | D:2      | Reached XP level 4. HP: 24/24 MP: 7/12
  1821 | D:2      | Reached * piety under Sif Muna
  1901 | D:2      | Found a burning altar of Makhleb.
  1901 | D:2      | Found a shimmering altar of Xom.
  2202 | D:2      | Found a glowing silver altar of Zin.
  2202 | D:2      | Noticed an angel
  2246 | D:2      | Reached skill level 5 in Spellcasting
  2612 | D:3      | Reached XP level 5. HP: 26/28 MP: 11/14
  3937 | D:3      | Reached ** piety under Sif Muna
  4273 | D:4      | Found a sacrificial altar of Ru.
  4291 | D:4      | Reached skill level 6 in Spellcasting
  4371 | D:4      | Noticed an ogre
  4374 | D:4      | Killed an ogre
  4375 | D:4      | Reached XP level 6. HP: 32/32 MP: 12/17
  4795 | D:4      | Reached skill level 7 in Spellcasting
  5314 | D:4      | Found a runed translucent door.
  5314 | D:4      | Noticed a human
  5328 | D:4      | Found a basalt altar of Yredelemnul.
  5511 | D:4      | Found a runed translucent gate.
  5512 | D:4      | Found a runed translucent gate.
  5512 | D:4      | Noticed ew1980's ghost (amateur NaTm)
  5514 | D:4      | Found a runed translucent gate.
  5514 | D:4      | Found a roughly hewn altar of Beogh.
  5515 | D:4      | Identified the cursed +0 chain mail of Defiance {Int+5}
  5963 | D:4      | Reached XP level 7. HP: 19/36 MP: 11/20
  5968 | D:4      | Reached skill level 8 in Spellcasting
  5972 | D:4      | Killed ew1980's ghost
  6344 | D:4      | Learned a level 4 spell: Iskenderun's Mystic Blast
  6345 | D:5      | Entered Level 5 of the Dungeon
  6687 | D:5      | Noticed kingbonesx's ghost (amateur FeVM)
  6714 | D:5      | Found a runed translucent gate.
  6714 | D:5      | Found a runed translucent gate.
  6714 | D:5      | Found a runed translucent gate.
  6751 | D:5      | Reached skill level 9 in Spellcasting
  7106 | D:5      | Found a staircase to the Ecumenical Temple.
  7125 | Temple   | Entered the Ecumenical Temple
  7562 | D:5      | Killed kingbonesx's ghost
  7563 | D:5      | Reached XP level 8. HP: 41/41 MP: 17/23
  7578 | D:5      | Reached skill level 10 in Spellcasting
  8239 | D:6      | Reached skill level 11 in Spellcasting
  8273 | D:6      | Reached *** piety under Sif Muna
  8685 | D:6      | Found a runed translucent door.
  8686 | D:6      | Noticed Crazy Yiuf
  8692 | D:6      | Killed Crazy Yiuf
  9383 | D:7      | Reached skill level 12 in Spellcasting
  9690 | D:7      | Found a white marble altar of Elyvilon.
  9693 | D:7      | Found a hide-covered altar of Uskayaw.
  9695 | D:7      | Found an ancient bone altar of Kikubaaqudgha.
  9696 | D:7      | Found a basalt altar of Yredelemnul.
  9911 | D:7      | Found an ornate altar of the Wu Jian Council.
 10119 | D:8      | Reached XP level 9. HP: 37/44 MP: 22/27
 11389 | D:8      | Reached skill level 13 in Spellcasting
 11519 | D:8      | Found an iron altar of Okawaru.
 11528 | D:8      | Found Naesos's Magic Scroll Shoppe.
 11610 | D:8      | Bought a scroll of identify for 28 gold pieces
 11610 | D:8      | Bought a scroll of identify for 28 gold pieces
 11610 | D:8      | Bought a scroll of summoning for 133 gold pieces
 11680 | D:8      | Noticed Harold
 11691 | D:8      | Killed Harold
 11692 | D:8      | Reached skill level 14 in Spellcasting
 11782 | D:8      | Found a sparkling altar of Nemelex Xobeh.
 11794 | D:8      | Reached skill level 10 in Conjurations
 11794 | D:8      | Reached XP level 10. HP: 50/50 MP: 24/30
 11875 | D:8      | Reached **** piety under Sif Muna
 11876 | D:8      | Reached skill level 15 in Spellcasting
 12580 | D:9      | Noticed a two-headed ogre
 12587 | D:9      | Killed a two-headed ogre
 12588 | D:9      | Reached skill level 16 in Spellcasting
 13205 | D:9      | Found a stormy altar of Qazlal.
 13550 | D:10     | Entered Level 10 of the Dungeon
 13610 | D:10     | Reached skill level 17 in Spellcasting
 13649 | D:10     | Reached XP level 11. HP: 43/54 MP: 10/34
 13826 | D:10     | Found a staircase to the Lair.
 13889 | D:10     | Noticed a two-headed ogre
 13893 | D:10     | Noticed a two-headed ogre
 13896 | D:10     | Killed a two-headed ogre
 13896 | D:10     | Reached ***** piety under Sif Muna
 13915 | D:10     | Killed a two-headed ogre
 14206 | D:10     | Reached skill level 18 in Spellcasting
 14208 | D:10     | Received a gift from Sif Muna
 14411 | D:10     | Noticed Snorg
 14424 | D:10     | Killed Snorg
 14524 | D:10     | Found a blossoming altar of Fedhas.
 14542 | D:10     | Noticed an oklob plant
 14549 | D:10     | Learned a level 4 spell: Fulminant Prism
 14894 | D:11     | Noticed a two-headed ogre
 14903 | D:11     | Killed a two-headed ogre
 15126 | D:11     | Reached skill level 19 in Spellcasting
 15179 | D:11     | Noticed a storm dragon
 15179 | D:11     | Noticed a tengu reaver
 15179 | D:11     | Noticed a war gargoyle
 15180 | D:11     | Found a runed translucent door.
 15182 | D:11     | Noticed a deep troll earth mage
 15182 | D:11     | Noticed a deep troll earth mage
 15182 | D:11     | Noticed a sphinx
 15182 | D:11     | Noticed a frost giant
 16068 | D:12     | Found a staircase to the Orcish Mines.
 16122 | D:12     | Noticed an eight-headed hydra
 16132 | D:12     | Killed an eight-headed hydra
 16133 | D:12     | Reached XP level 12. HP: 59/59 MP: 22/37
 17087 | D:12     | Reached skill level 20 in Spellcasting
 17313 | Lair:1   | Entered Level 1 of the Lair of Beasts
 17359 | Lair:1   | Noticed a seven-headed hydra
 17369 | Lair:1   | Killed a seven-headed hydra
 17436 | Lair:1   | Noticed a four-headed hydra
 17448 | Lair:1   | Killed a four-headed hydra
 17693 | Lair:1   | Noticed Fannar
 17705 | Lair:1   | Killed Fannar
 17705 | Lair:1   | Identified Sif Muna's Incunabulum of Conjuration (Sif Muna
                  | gifted it to you on level 1 of the Lair of Beasts)
 17705 | Lair:1   | Received a gift from Sif Muna
 17832 | Lair:1   | Learned a level 5 spell: Lightning Bolt
 17866 | Lair:1   | Reached skill level 1 in Air Magic
 18119 | Lair:2   | Noticed a six-headed hydra
 18125 | Lair:2   | Killed a six-headed hydra
 18204 | Lair:2   | Found a staircase to the Snake Pit.
 18231 | Lair:2   | Reached skill level 5 in Air Magic
 18647 | Lair:2   | Noticed Sonja
 18652 | Lair:2   | Killed Sonja
 18856 | Lair:2   | Reached XP level 13. HP: 63/63 MP: 39/39
 19204 | Lair:2   | Found a staircase to the Shoals.
 20661 | Lair:4   | Reached skill level 10 in Air Magic
 20767 | Lair:4   | Identified Sif Muna's Reference Book on Dislocated Air (Sif
                  | Muna gifted it to you on level 4 of the Lair of Beasts)
 20767 | Lair:4   | Received a gift from Sif Muna
 21815 | Lair:5   | You fall into a shaft and drop 1 floor!
 21815 | Lair:6   | Entered Level 6 of the Lair of Beasts
 21955 | Lair:6   | Reached XP level 14. HP: 37/68 MP: 8/40
 22142 | Lair:5   | Learned a level 5 spell: Irradiate
 22143 | Lair:5   | Found a staircase to the Slime Pits.
 23174 | Lair:6   | Identified Sif Muna's Volume of Conjuration (Sif Muna
                  | gifted it to you on level 6 of the Lair of Beasts)
 23174 | Lair:6   | Received a gift from Sif Muna
 24304 | Lair:6   | Reached skill level 21 in Spellcasting
 25856 | Orc:1    | Entered Level 1 of the Orcish Mines
 25864 | Orc:1    | Identified Sif Muna's Tome of Excruciating Ignition (Sif
                  | Muna gifted it to you on level 1 of the Orcish Mines)
 25864 | Orc:1    | Received a gift from Sif Muna
 25876 | Orc:1    | Noticed Erolcha
 25877 | Orc:1    | Killed Erolcha
 25949 | Orc:1    | Noticed an orc warlord
 25962 | Orc:1    | Killed an orc warlord
 26101 | Orc:1    | Noticed Jorgrun
 26120 | Orc:1    | Killed Jorgrun
 26121 | Orc:1    | Reached XP level 15. HP: 51/72 MP: 16/42
 26236 | Orc:1    | Found a roughly hewn altar of Beogh.
 26500 | Orc:1    | Found Ludwupn's Antique Weapon Shop.
 26957 | Orc:1    | Learned a level 7 spell: Orb of Destruction
 26963 | Orc:1    | Learned a level 5 spell: Fireball
 26971 | Orc:2    | Entered Level 2 of the Orcish Mines
 27521 | Orc:2    | Reached skill level 15 in Conjurations
 27525 | Orc:2    | Identified Noxkecharch's Disquisition on Shifting
                  | Enchantment (Sif Muna gifted it to you on level 2 of the
                  | Orcish Mines)
 27525 | Orc:2    | Received a gift from Sif Muna
 27620 | Orc:2    | HP: 1/72 [orc priest/divine providence (13)]
 27620 | Orc:2    | Killed from afar by an orc priest

Illustrated notes

Levels and vault maps discovered:
D:1:      lemuel_arrival_broad_hall, layout_loops_cross,
          chequers_serial_rivers_micro_c
D:2:      layout_basic, gammafunk_temple_overflow_statue, led_sif_pool,
          zin_angel, chequers_ecumenical_altar_grove, grunt_ministairs_13,
          hangedman_decor_opposing, hangedman_glass_garden
D:3:      minmay_angry_zag, layout_loops_corners
D:4:      layout_layer_cave, nicolae_ru_sacrificial_ziggurat,
          biasface_ghost_orc_armoury, dk_yredelemnul_ordeal
D:5:      layout_basic, minmay_temple_entry_hall, gammafunk_ghost_icy
D:6:      cheibrodos_quashed, layout_cave_pools, minivault_11,
          uniq_crazy_yiuf_cottage
D:7:      layout_basic, lemuel_coloured_pillars_altar, minitemple
D:8:      cheibrodos_steamvent, layout_cave_pools, okawaru_metal_pillars_1_2,
          kennysheep_mini, serial_shops, shop, uniq_harold
D:9:      layout_loops_corners, nicolae_qazlal_eye_of_the_storm
D:10:     layout_irregular_city, erik_lair_orcish_takeover,
          kennysheep_crisscross, st_stairs_11, tgw_fedhas, uniq_snorg
D:11:     minmay_gate_of_8, layout_small_grid
D:12:     layout_rooms, orc_0_dummy
Temple:   jpeg_temple_island
Lair:1:   layout_hall_layers, infiniplex_staircase_pool_2, uniq_fannar
Lair:2:   layout_gridlike, minmay_shoals_entry_hut, guppyfry_snake_entry_garden,
          uniq_sonja
Lair:3:   layout_roguey [special_room_bee], grunt_forest_large_clearings
Lair:4:   layout_big_grid
Lair:5:   layout_loops_ring, minmay_slime_entry_oklob_open, serial_rivers,
          chequers_serial_rivers_small_b, chequers_serial_rivers_micro_c,
          chequers_serial_rivers_large_b, chequers_serial_rivers_room_a,
          chequers_serial_rivers_micro_a, chequers_serial_rivers_micro_e
Lair:6:   minmay_lair_end_frog_pond, layout_loops_ring,
          nicolae_lair_grove_arrangements, st_stairs_6, kilobyte_rumbling_trees
Orc:1:    nicolae_orc_accident_2, layout_caves, serial_shops,
          nicolae_shop_window_shopping, uniq_erolcha, uniq_jorgrun
Orc:2:    st_orc_town, layout_caves, kennysheep_orc_chapel

Skill      XL: |  1  2  3  4  5  6  7  8  9 10 11 12 13 14 15 |
---------------+----------------------------------------------+-----
Conjurations   | 5 6 7 8 10 11 12 13 14 15 | 15.1
Spellcasting   | 4 5 6 7 9 12 14 17 19 20 21 | 21.6
Air Magic      | 6 12 14 | 14.6
Dodging        | |  2.4
Stealth        | |  2.4

Action                   |  1- 3 |  4- 6 |  7- 9 | 10-12 | 13-15 || total
-------------------------+-------+-------+-------+-------+-------++-------
Melee: Unarmed           |    10 |       |       |       |       ||    10
       Dagger            |       |     3 |       |       |       ||     3
       Staff             |       |       |       |       |    11 ||    11
 Cast: Magic Dart        |    56 |       |       |       |       ||    56
       Searing Ray       |     6 |    52 |    88 |   183 |   113 ||   442
       Iskenderun's Myst |       |       |     8 |    76 |   137 ||   221
       Fulminant Prism   |       |       |       |     2 |    19 ||    21
       Lightning Bolt    |       |       |       |    15 |   184 ||   199
       Fireball          |       |       |       |       |    31 ||    31
       Orb of Destructio |       |       |       |       |     1 ||     1
Evoke: Wand              |       |       |     4 |     6 |    16 ||    26
  Use: Scroll            |     2 |       |    17 |     1 |    28 ||    48
       Potion            |       |       |       |       |     6 ||     6
Armor: Robe              |     2 |     4 |     8 |    11 |       ||    25
       Troll leather arm |       |       |       |    18 |    64 ||    82
Dodge: Dodged            |    10 |     6 |    16 |    66 |   124 ||   222
       Repelled          |       |       |       |     4 |     8 ||    12
Block: Other             |       |     6 |     1 |       |       ||     7
       Reflection        |       |     1 |       |       |       ||     1
